 Dungeon Crawl Stone Soup version 0.29.0-4-gdea44cf6ec (webtiles) character file.

Game seed: 7511840386989010799

127 qw the Sneak (level 5, -6/32 HPs)
             Began as a Gargoyle Delver on Sept 10, 2022.
             Mangled by Menkaure (10 damage)
             ... on level 4 of the Dungeon.
             The game lasted 00:01:16 (3135 turns).

qw the Sneak (Gargoyle Delver)                      Turns: 3135, Time: 00:01:16

Health: -6/32      AC: 21    Str: 16 (17) XL:     5   Next: 11%
Magic:  5/5        EV:  1    Int:  8 (11) God:
Gold:   44         SH:  0    Dex: 11      Spells: 4/4 levels left

rFire   . . .      SeeInvis .   Y - +4 hand axe
rCold   . . .      Faith    .   (no shield)
rNeg    + . .      Spirit   .   d - +0 crystal plate armour
rPois   inf        Reflect  .   e - +0 helmet
rElec   +          Harm     .   l - scarf {repulsion}
rCorr   .          Rampage  .   (no gloves)
Will    +....                   (no boots)
Stlth   ..........              (no amulet)
HPRegen 0.10/turn               h - ring of willpower
MPRegen 0.09/turn               (no ring)

@: about to teleport, repel missiles
A: sickness immunity, AC +4, negative energy resistance 1, electricity
resistance, torment resistance 1, petrification resistance
a: no special abilities


You were on level 4 of the Dungeon.
You visited 1 branch of the dungeon, and saw 5 of its levels.

You collected 182 gold pieces.
You spent 138 gold pieces at shops.


Innate Abilities, Weirdness & Mutations

You are immune to sickness and miasma.
Your stone body is resilient. (AC +4)
You are immune to poison.
You resist negative energy. (rN+)
You are resistant to electric shocks. (rElec)
You are resistant to unholy torment.
You are immune to petrification.


   Skills:
 - Level 3.2 Fighting
 + Level 3.7 Axes
 - Level 3.0 Armour
 - Level 1.5 Dodging
 - Level 5.4 Stealth


You had 4 spell levels left.
You didn't know any spells.
Your spell library was empty.

Inventory:

Hand Weapons
 c - a +0 mace
 Y - a +4 hand axe (weapon)
Armour
 d - a +0 crystal plate armour (worn)
 e - a +0 helmet (worn)
 l - a scarf of repulsion (worn)
Jewellery
 h - a ring of willpower (left hand)
 j - a ring of ice
Wands
 g - a wand of digging (3)
Scrolls
 a - 2 scrolls of teleportation
 n - a scroll of amnesia {unknown}
 o - 2 scrolls of identify
Potions
 b - 2 potions of curing
 f - a potion of haste
 i - a potion of lignification {unknown}
 k - a potion of resistance {unknown}
 m - a potion of flight {unknown}

Dungeon Overview and Level Annotations

Branches:
Dungeon (5/15)
 Temple: D:4-7

Altars:
Vehumet
Xom

Shops:
D:2 :   D:4 ?

Annotations:
D:4 Menkaure


Message History

You barely miss Menkaure. The jackal barely misses you.
The jackal bites you but does no damage. x2
Menkaure casts a spell.
Menkaure seems to speed up.
The jackal bites you but does no damage.
You slash the jackal!
You kill the jackal!
You hit the jackal.
You kill the jackal!
You hit the jackal.
You kill the jackal!
You hit Menkaure. Menkaure hits you but does no damage.
You hit Menkaure.
Menkaure is moderately damaged.
You closely miss the hobgoblin. Menkaure hits you!
Ouch! That really hurt!
The hobgoblin hits you but does no damage.
Menkaure hits you but does no damage.
You hit Menkaure.
Menkaure is severely damaged.
You hit the jackal. You completely miss the hobgoblin. The jackal bites you.
The hobgoblin hits you but does no damage.
Menkaure hits you but does no damage.
You hit Menkaure but do no damage.
Menkaure is severely damaged.
You slash the jackal!
You kill the jackal!
You hit the hobgoblin.
You kill the hobgoblin!
Menkaure gestures at you while chanting.
Pain shoots through your body!
3135 ||| READING 3 scrolls of teleportation.
As you read the scroll of teleportation, it crumbles to dust.
You feel strangely unstable. Menkaure hits you!
You die...

#..## #.## #...####..##
###...##.....#
##.....#.....## ##
#...#....##...# .##
#...#..##...### ..#
...#....#...### ..##
...#..........###...###.
.........##.....@)......
......)...##....%M......
...#....#.##............
..###...#..##..........#
..####....##.....#.....#
.#...............#.#....
.....#.##..#.###........
##..#### ..#.# ###......
#...## ...


You could see Menkaure (fast).

Vanquished Creatures
  5 adders
  2 worms
  3 dart slugs
  An orc (D:3)
  2 bats
  6 endoplasms
  5 giant cockroaches
  4 hobgoblins
  4 jackals (D:4)
  4 quokkas
  7 ball pythons
  4 frilled lizards
  4 goblins (D:3)
  10 kobolds
  7 rats
68 creatures vanquished.

Notes
Turn   | Place    | Note
-------+----------+-------------------------------------------
     0 | D:5      | qw the Gargoyle Delver began the quest for the Orb.
     0 | D:5      | Reached XP level 1. HP: 14/14 MP: 1/1
     0 | D:5      | 0 ||| qw: Version: 0.1-a-116-g5d60599
     0 | D:5      | 0 ||| qw: Game counter: 9543
     0 | D:5      | 0 ||| qw: Always use a shield: true
     0 | D:5      | 0 ||| qw: God list: Okawaru
     0 | D:5      | 0 ||| qw: Allow faded altars: false
     0 | D:5      | 0 ||| qw: Do Orc after D:15 true
     0 | D:5      | 0 ||| qw: Do second Lair branch before Depths: true
     0 | D:5      | 0 ||| qw: Lair rune preference: random
     0 | D:5      | 0 ||| qw: Plans: Normal
     0 | D:5      | 0 ||| PLANNING D:1-11
     5 | D:5      | 5 ||| DROPPING scroll of fog.
     6 | D:5      | 6 ||| DROPPING scroll of magic mapping.
     7 | D:5      | 7 ||| DROPPING scroll of fear.
    65 | D:3      | 65 ||| Stepping ~*~*~tactically~*~*~ (stealth).
    66 | D:3      | 66 ||| Stepping ~*~*~tactically~*~*~ (stealth).
    69 | D:3      | 69 ||| Stepping ~*~*~tactically~*~*~ (stealth).
    70 | D:3      | 70 ||| Stepping ~*~*~tactically~*~*~ (stealth).
   104 | D:3      | 104 ||| Stepping ~*~*~tactically~*~*~ (stealth).
   107 | D:3      | 107 ||| Stepping ~*~*~tactically~*~*~ (stealth).
   186 | D:3      | Reached XP level 2. HP: 15/19 MP: 2/2
   248 | D:3      | 248 ||| UPGRADING to +0 crystal plate armour.
   258 | D:3      | 258 ||| DROPPING +0 leather armour.
   259 | D:3      | 259 ||| UPGRADING to +0 helmet.
   280 | D:2      | Found Tufoqek's Book Shoppe.
   458 | D:1      | 458 ||| Stepping ~*~*~tactically~*~*~ (cloud).
   459 | D:1      | 459 ||| Stepping ~*~*~tactically~*~*~ (cloud).
   484 | D:1      | Reached skill level 1 in Armour
   606 | D:1      | 606 ||| Stepping ~*~*~tactically~*~*~ (hiding).
   679 | D:1      | 679 ||| Stepping ~*~*~tactically~*~*~ (stealth).
   688 | D:1      | 688 ||| Stepping ~*~*~tactically~*~*~ (stealth).
   709 | D:1      | Reached XP level 3. HP: 22/23 MP: 3/3
   895 | D:1      | 895 ||| Stepping ~*~*~tactically~*~*~ (hiding).
   954 | D:1      | Found a faded altar of an unknown god.
  1315 | D:1      | 1315 ||| UPGRADING to ring of willpower.
  1316 | D:1      | 1316 ||| READING scroll labelled SEGGIE XEMU.
  1371 | D:2      | 1371 ||| STAIRDANCE
  1586 | D:2      | 1586 ||| READING scroll of enchant weapon.
  1586 | D:2      | 1586 ||| ENCHANTING +1 hand axe.
  1627 | D:2      | Reached skill level 3 in Axes
  2075 | D:2      | Reached XP level 4. HP: 26/28 MP: 4/4
  2265 | D:2      | 2265 ||| UPGRADING to scarf of repulsion.
  2270 | D:2      | 2270 ||| READING scroll labelled ROTYEN IXKUSUTOST.
  2271 | D:2      | 2271 ||| READING scroll labelled HASTOGG MEDGH.
  2351 | D:3      | Reached skill level 3 in Armour
  2427 | D:3      | Found a shimmering altar of Xom.
  2457 | D:3      | Found a radiant altar of Vehumet.
  2679 | D:3      | 2679 ||| READING scroll of enchant weapon.
  2679 | D:3      | 2679 ||| ENCHANTING +2 hand axe.
  2771 | D:3      | 2771 ||| DRINKING 3 metallic blue potions.
  2772 | D:3      | 2772 ||| DRINKING 2 brown potions.
  2773 | D:3      | 2773 ||| DROPPING potion of degeneration.
  2995 | D:4      | Found Pikhasm's Magic Scroll Emporium.
  3029 | D:4      | 3029 ||| Stepping ~*~*~tactically~*~*~ (stealth).
  3032 | D:4      | 3032 ||| Stepping ~*~*~tactically~*~*~ (stealth).
  3050 | D:4      | 3050 ||| BUYING scroll of enchant weapon (90 gold).
  3050 | D:4      | Bought a scroll of enchant weapon for 90 gold pieces
  3050 | D:4      | 3050 ||| SHOPLISTING scroll of enchant weapon (90 gold,
                  | have 85).
  3050 | D:4      | 3050 ||| BUYING scroll of identify (24 gold).
  3050 | D:4      | Bought a scroll of identify for 24 gold pieces
  3050 | D:4      | 3050 ||| BUYING scroll of identify (24 gold).
  3050 | D:4      | Bought a scroll of identify for 24 gold pieces
  3050 | D:4      | 3050 ||| READING scroll of enchant weapon.
  3050 | D:4      | 3050 ||| ENCHANTING +3 hand axe.
  3068 | D:4      | 3068 ||| Stepping ~*~*~tactically~*~*~ (stealth).
  3079 | D:4      | Reached XP level 5. HP: 32/32 MP: 5/5
  3122 | D:4      | Noticed Menkaure
  3134 | D:4      | HP: 4/32 [Menkaure/nerve-wracking pain (7)]
  3135 | D:4      | 3135 ||| READING 3 scrolls of teleportation.
  3135 | D:4      | Mangled by Menkaure

Levels and vault maps discovered:
D:1:      lightli_arrival_windingriver, layout_basic,
          chequers_ecumenical_altar_grove, lemuel_old_faithful
D:2:      layout_basic, serial_shops, shop
D:3:      layout_basic, mainiacjoe_overflow_two_lobes
D:4:      layout_cave_pools, minmay_temple_entry_enclosed_plants, serial_shops,
          shop_statue, uniq_menkaure, uniq_crazy_yiuf_cottage
D:5:      layout_basic

Skill      XL: |  1  2  3  4 |
---------------+-------------+-----
Axes           | 2 3 |  3.7
Armour         | 1 2 3 |  3.0
Fighting       | |  3.2
Dodging        | |  1.5
Stealth        | |  5.4

Action                   |  1- 3 |  4- 6 || total
-------------------------+-------+-------++-------
Melee: Hand axe          |   143 |    64 ||   207
       Punch             |     1 |       ||     1
  Use: Scroll            |     2 |     5 ||     7
       Potion            |       |     2 ||     2
Armor: Leather armour    |     4 |       ||     4
       Crystal plate arm |   116 |    74 ||   190
Dodge: Dodged            |    16 |     4 ||    20

Table legend:
 A = Non-vault XP
 B = Vault XP
 C = Vault XP percentage of total XP
 D = Non-vault monster count
 E = Vault monster count
 F = Vault count percentage of total count
                 A         B        C        D         E       F
            +---------+---------+-------+---------+---------+-------
      Total |     182 |       0 |   0.0 |      68 |       0 |   0.0
            +---------+---------+-------+---------+---------+-------
        D:1 |      47 |       0 |   0.0 |      26 |       0 |   0.0
        D:2 |      34 |       0 |   0.0 |      12 |       0 |   0.0
        D:3 |      36 |       0 |   0.0 |      14 |       0 |   0.0
        D:4 |      65 |       0 |   0.0 |      16 |       0 |   0.0
            +---------+---------+-------+---------+---------+-------
